 Dungeon Crawl Stone Soup version 0.26.1-15-g04117e645d (webtiles) character file.

Game seed: 8970973047427999387

28 Froggeryz the Insei (level 3, -3/23 HPs)
             Began as an Octopode Transmuter on July 20, 2022.
             Slain by Sigmund
             ... wielding a +0 scythe
              (11 damage)
             ... on level 2 of the Dungeon.
             The game lasted 00:01:05 (1494 turns).

Froggeryz the Insei (Octopode Transmuter)           Turns: 1494, Time: 00:01:05

Health: -3/23      AC:  1    Str:  9    XL:     3   Next: 14%
Magic:  5/6        EV: 13    Int: 15    God:
Gold:   71         SH:  0    Dex: 13    Spells: 5/6 levels left

rFire    . . .     SeeInvis .     - Unarmed
rCold    . . .     Faith    .   (no shield)
rNeg     . . .     Spirit   .   (helmet currently unavailable)
rPois    .         Reflect  .   (no amulet)
rElec    .         Harm     .   (no ring)
rCorr    .         Rampage  .   (no ring)
Will     .....                  (no ring)
Stlth    +++.......             (no ring)
HPRegen  0.07/turn              (no ring)
MPRegen  0.10/turn              (no ring)
                                (no ring)
                                (no ring)

@: appendages
A: almost no armour, stealthy swim, amphibious, 8 rings, constrict 8, tentacle
spike 3, camouflage 1, gelatinous body 1
a: End Transformation


You were on level 2 of the Dungeon.
One of your tentacles had a temporary spike.
You visited 1 branch of the dungeon, and saw 2 of its levels.

You collected 71 gold pieces.

Inventory:

Scrolls
 a - 3 scrolls of noise {unknown}
 d - 2 scrolls of identify {unknown}
 e - a scroll of remove curse {unknown}
 f - a scroll of amnesia {unknown}
 g - a scroll of teleportation {unknown}
Potions
 b - a potion of flight {unknown}
 c - a potion of curing {unknown}


   Skills:
 - Level 1.0 Fighting
 - Level 2.0 Dodging
 + Level 2.0 Stealth
 * Level 3.8 Unarmed Combat
 - Level 2.0 Spellcasting
 - Level 2.0 Transmutations


You had 5 spell levels left.
You knew the following spells:

 Your Spells              Type           Power        Failure   Level
a - Beastly Appendage     Tmut           14%          10%         1

Your spell library contained the following spells:

 Spells                   Type           Power        Failure   Level
 Wereblood                Tmut           7%           14%         2
 Spider Form              Tmut/Pois      2%           41%         3
 Ice Form                 Ice/Tmut       4%           82%         4
 Blade Hands              Tmut           3%           95%         5


Dungeon Overview and Level Annotations

Branches:
Dungeon (2/15)

Altars:

Annotations:
D:2 Sigmund


Innate Abilities, Weirdness & Mutations

You cannot wear most types of armour.
You are very stealthy in the water. (Stealth+)
You are amphibious.
You can wear up to eight rings at the same time.
You can use your tentacles to constrict eight enemies at once.
Your skin changes colour to match your surroundings (Stealth+).
Your rubbery body absorbs attacks. (AC +1, EV +1)
One of your tentacles bears a large vicious spike.


Message History

A ball python comes into view.
You barely miss Sigmund.
The ball python hisses angrily.
You grab Sigmund.
You pierce Sigmund.
Sigmund is lightly wounded.
You constrict Sigmund. Sigmund closely misses you.
You tentacle-slap Sigmund.
Sigmund is lightly wounded.
You constrict Sigmund. Sigmund hits you with a +0 scythe!
You tentacle-slap Sigmund.
You pierce Sigmund.
Sigmund is moderately wounded.
You constrict Sigmund.
You tentacle-slap Sigmund but do no damage.
Sigmund is moderately wounded.
You constrict Sigmund. Sigmund misses you.
You tentacle-slap Sigmund but do no damage.
You squeeze Sigmund.
Sigmund is severely wounded.
You constrict Sigmund. Sigmund hits you with a +0 scythe!
You die... #.# #.# #####.######## #.# #.....##.....# #.# #.######.....# #.# #.# #.....# ####.#### #.# ..... #.......# #.# gS.

#.##.##.# ##.## #@# #.#...#.#
#...#######@# #.#.#.#.#
##..##......## #.#...#.#
##.#....†>..# #.##.##.#
#.#..####..# #.......#
########.......#..########.####
.......###..##.............#
<#####<# #..#
#...........###### .#####.#
#.... ...#.#####........
....>..# ##....
..#.##...........


You could see Sigmund, a hobgoblin and a ball python.

Vanquished Creatures
  2 leopard geckos
  3 bats
  2 giant cockroaches (D:1)
  3 goblins
  2 hobgoblins (D:1)
  2 jackals (D:1)
  5 kobolds
  3 frilled lizards (D:1)
  A rat (D:1)
23 creatures vanquished.

Notes
Turn   | Place    | Note
-------+----------+-------------------------------------------
     0 | D:1      | Froggeryz the Octopode Transmuter began the quest for the
                  | Orb.
     0 | D:1      | Reached XP level 1. HP: 13/13 MP: 3/3
   139 | D:1      | Reached skill level 1 in Stealth
   149 | D:1      | Reached XP level 2. HP: 10/18 MP: 5/5
  1148 | D:2      | Reached XP level 3. HP: 15/23 MP: 6/6
  1485 | D:2      | Noticed Sigmund
  1494 | D:2      | Slain by Sigmund

Illustrated notes

Levels and vault maps discovered:
D:1:      kennysheep_arrival_seaside, layout_loops_corners
D:2:      minmay_angry_zag, layout_loops_cross,
          gammafunk_temple_overflow_statue, vehumet_crystals,
          chequers_ecumenical_altar_simple_redux, uniq_sigmund

Skill      XL: |  1  2  3 |
---------------+----------+-----
Stealth        | 1 2 |  2.0
Fighting       | |  1.0
Dodging        | |  2.0
Unarmed Combat | |  3.8
Spellcasting   | |  2.0
Transmutations | |  2.0

Action                   || total
-------------------------++-------
Melee: Unarmed           ||    61
       Constrict         ||    14
       Tentacles         ||     5
       Kick              ||     2
       Punch             ||     1
 Cast: Beastly Appendage ||     1
 Stab: Sleeping          ||    10
Armor: Skin              ||     4
Dodge: Dodged            ||    46
